 Dungeon Crawl Stone Soup version 0.32-a0-558-g233958a4c4 (webtiles) character file.

Game seed: 950647091706114753

339 Dirtsage the Chopper (level 6, 0/48 HPs)
             Began as a Demonspawn Berserker on Mar 1, 2024.
             Was a Priest of Trog.
             Slain by a scorpion (1 damage)
             ... on level 4 of the Dungeon.
             The game lasted 00:04:59 (2969 turns).

Dirtsage the Chopper (Demonspawn Berserker)         Turns: 2969, Time: 00:05:00

Health: 0/48       AC: 14    Str: 19      XL:     6   Next: 29%
Magic:  6/6        EV:  6    Int:  8      God:    Trog [***...]
Gold:   157        SH:  0    Dex: 10 (12) Spells: 5/5 levels left

rFire   . . .        a - +0 hand axe
rCold   + . .        (no shield)
rNeg    . . .        e - +0 plate armour
rPois   .            (no helmet)
rElec   .            (no cloak)
rCorr   .            (no gloves)
SInv    .            k - +0 pair of boots
Will    +....        (no amulet) Stlth
                     f - ring of willpower
HPRegen 0.28/turn    I - ring of protection from cold
MPRegen 0.10/turn

%: no passive effects
@: lethally poisoned (0 -> -2), on berserk cooldown, slowed, very slow
A: thin metallic scales 1, demonic guardian 1
a: Renounce Religion, Berserk, Trog's Hand


You were on level 4 of the Dungeon.
You worshipped Trog.
Trog was most pleased with you.
You visited 1 branch of the dungeon, and saw 6 of its levels.

You collected 157 gold pieces.

Inventory:

Hand Weapons
 a - a +0 hand axe (weapon)
Armour
 b - a +0 animal skin
 e - a +0 plate armour (worn)
 k - a +0 pair of boots (worn)
Jewellery
 f - a ring of willpower (left hand)
 I - a ring of protection from cold (right hand)
Scrolls
 d - a scroll of blinking {unknown}
 h - a scroll of identify {unknown}
 j - a scroll of amnesia {unknown}
Potions
 c - 5 potions of ambrosia {unknown}
 g - a potion of magic {unknown}
 i - 2 potions of curing {unknown}
 l - a potion of enlightenment {unknown}
 m - a potion of invisibility {unknown}
 n - a potion of might {unknown}
 o - 2 potions of heal wounds {unknown}


   Skills:
 + Level 4.1 Fighting
 * Level 4.5 Axes
 + Level 3.1 Armour
 + Level 3.1 Dodging


You had 5 spell levels left.
You didn't know any spells.
Your spell library was empty.

Dungeon Overview and Level Annotations

Branches:
Dungeon (6/15)
 Temple: D:4-7

Altars:
Xom

Shops:
D:6 (

Portals:
Sewer: D:4

Annotations:
D:4 Eustachio


Innate Abilities, Weirdness & Mutations

You are partially covered in thin metallic scales. (AC +2)
A weak demonic guardian rushes to your aid.


Message History

The river rat bites you but does no damage.
The scorpion stings you.
* * * LOW HITPOINT WARNING * * *
A demonic guardian appears!
The rat bites you but does no damage.
The quasit bites you but does no damage.
The quasit claws you but does no damage. x2
You take 7 damage, and have 6/48 hp.
You hit the scorpion but do no damage.
The scorpion is moderately wounded.
You hit the river rat but do no damage. You hit the rat.
You kill the rat!
The rat's corpse disappears in a puff of smoke!
You miss the quasit.
* * * LOW HITPOINT WARNING * * *
You feel very sick.
The quasit bites you but does no damage.
The quasit claws you but does no damage.
The quasit closely misses you. The scorpion completely misses you.
The river rat bites you but does no damage.
Your quasit bites the rat but does no damage.
Your quasit claws the rat but does no damage.
Your quasit closely misses the rat.
The quasit barely misses you.
The quasit claws you but does no damage. x2
The scorpion stings you but does no damage.
The river rat bites you but does no damage.
Eustachio screams, "At last I'll have my revenge!"
Eustachio hits your quasit with a +0 rapier.
You take 3 damage, and have 3/48 hp.
You hit the scorpion.
The scorpion is severely wounded.
You hit the river rat but do no damage. You hit the rat.
You kill the rat!
The rat's corpse disappears in a puff of smoke!
You closely miss the quasit.
* * * LOW HITPOINT WARNING * * *
You feel sick.
The quasit bites you but does no damage.
The quasit claws you but does no damage. x2
The scorpion stings you.
You die...

#.#.# ~~~... #.#.#.#
~~~~#. #.#.#.# ~~~~~.#
#.#.#.# ∩ ~~... #.#.#.#
~~~~~.. #.#.#.# ~~~~#..
#.#.#.#
~~~....#####.#.#.#####.#
#s@5r@†...........#
#..r5.5.#######.####
#..####.# #.. #.# #..
#.# ... #.. .... ###
###.#


You could see Eustachio, a scorpion (ally target), a quasit (summoned), a river
rat (summoned), an ufetubus (summoned), a quokka (summoned) and a friendly
quasit (summoned).

Vanquished Creatures
  A black bear (D:4)
  A scorpion (D:5)
  An iguana (D:4)
  4 gnolls (D:3)
  5 adders
  A dart slug (D:1)
  4 ribbon worms
  2 orcs (D:3)
  6 bats
  7 endoplasms
  3 giant cockroaches
  2 hobgoblins
  A quokka (D:3)
  4 ball pythons
  9 frilled lizards
  7 goblins
  3 kobolds
  5 rats
  A spectral hobgoblin (D:2)
67 creatures vanquished.

Vanquished Creatures (collateral kills)
  An adder (D:3)
  A kobold (D:2)
2 creatures vanquished.

Vanquished Creatures (others)
  2 orcs (D:4)
  A giant cockroach (D:4)
  A goblin (D:4)
  A hobgoblin (D:4)
  A ball python (D:4)
6 creatures vanquished.

Grand Total: 75 creatures vanquished

Notes
Turn   | Place    | Note
-------+----------+-------------------------------------------
     0 | D:1      | Dirtsage the Demonspawn Berserker began the quest for the
                  | Orb.
     0 | D:1      | Reached XP level 1. HP: 18/18 MP: 1/1
   262 | D:1      | Gained mutation: A weak demonic guardian rushes to your
                  | aid. [demonic ancestry]
   262 | D:1      | Reached XP level 2. HP: 18/24 MP: 2/2
  1057 | D:2      | Reached XP level 3. HP: 26/29 MP: 3/3
  1189 | D:2      | Reached ** piety under Trog
  1521 | D:2      | Found a faded altar of an unknown god.
  1728 | D:3      | Gained mutation: You are partially covered in thin metallic
                  | scales. (AC +2) [demonic ancestry]
  1728 | D:3      | Reached XP level 4. HP: 25/35 MP: 4/4
  2047 | D:3      | Reached XP level 5. HP: 30/42 MP: 5/5
  2283 | D:3      | Reached *** piety under Trog
  2487 | D:4      | Found a shimmering altar of Xom.
  2652 | D:4      | Noticed a black bear
  2674 | D:4      | Killed a black bear
  2675 | D:4      | Reached XP level 6. HP: 22/48 MP: 6/6
  2784 | D:4      | You fall into a shaft and drop 2 floors!
  2786 | D:6      | Found Ocoijate's Weapon Shop.
  2799 | D:5      | Entered Level 5 of the Dungeon
  2917 | D:4      | Noticed Eustachio
  2953 | D:4      | Found a glowing drain.
  2969 | D:4      | HP: 1/48 [poisoned by a scorpion]
  2969 | D:4      | Slain by a scorpion

Illustrated notes

Levels and vault maps discovered:
D:1:      dpeg_arrival_circle_labyrinth_a, layout_basic, chequers_jeans
D:2:      layout_basic, dreamdust_ecumenical_altar_drowned_temple
D:3:      layout_rooms, serial_bayou_lake_a
D:4:      layout_loops_ring, xom_confusion_cloud, zin_angel,
          minmay_temple_entry_wispy, cheibrodos_sewer_entry_drain, uniq_edmund,
          uniq_eustachio
D:5:      layout_basic, serial_library_hellmonk_hallway_b,
          amcnicky_mini_corridor_feature, nicolae_shop_firing_range
D:6:      layout_basic, nicolae_overflow_hidden_temple, serial_shops, shop,
          nicolae_inconvenience_store, nicolae_stop_n_shop_2

Skill      XL: |  1  2  3  4  5 |
---------------+----------------+-----
Dodging        | 2 3 |  3.1
Armour         | 2 3 |  3.1
Axes           | 3 4 |  4.5
Fighting       | 4 |  4.1

Action                     |  1- 3 |  4- 6 || total
---------------------------+-------+-------++-------
  Melee: Hand axe          |   142 |   180 ||   322
 Invoke: Berserk           |       |     2 ||     2
   Stab: Sleeping          |     1 |       ||     1
 Armour: Animal skin       |    27 |       ||    27
         Plate armour      |    71 |   341 ||   412
  Dodge: Dodged            |    66 |   108 ||   174

Table legend: (Time is in decaauts)
 A = Elapsed time spent in this place.
 B = Non-inter-level travel time spent in this place.
 C = Inter-level travel time spent in this place.
 D = Time resting spent in this place.
 E = Time spent auto-exploring this place.
 F = Levels seen in this place.
 G = Mean time per level.
                   A        B        C        D        E       F      G
               +--------+--------+--------+--------+--------+-----+--------+
         Total |   3058 |   2911 |    147 |     39 |   2158 |   6 |  509.7 |
       Dungeon |   3058 |   2911 |    147 |     39 |   2158 |   6 |  509.7 |
               +--------+--------+--------+--------+--------+-----+--------+

Top non-repeatable levels by time:
     D:1: 945 daAuts
     D:3: 830 daAuts
     D:2: 776 daAuts
     D:4: 386 daAuts
     D:5: 104 daAuts
     D:6: 14 daAuts
